 Dungeon Crawl Stone Soup version 0.31-a0-252-gc4385922b5 (webtiles) character file.

Game seed: 10928135181649934540

100 qw the Shooter (level 4, -1/26 HPs)
             Began as a Gargoyle Hexslinger on July 12, 2023.
             Slain by a worm (6 damage)
             ... on level 3 of the Dungeon.
             The game lasted 00:00:45 (2016 turns).

qw the Shooter (Gargoyle Hexslinger)                Turns: 2016, Time: 00:00:46

Health: -1/26      AC:  6    Str: 12    XL:     4   Next: 74%
Magic:  5/5        EV: 11    Int: 20    God:
Gold:   70         SH:  5    Dex: 11    Spells: 4/5 levels left

rFire   + + .        Y - +1 sling
rCold   + . .        (no shield)
rNeg    + . .        h - +0 leather armour
rPois   inf          (no helmet)
rElec   +            f - scarf {rC+ rF+}
rCorr   +            (no gloves)
SInv    .            (no boots)
Will    .....        b - amulet "Ibrebbic" {Reflect rPois rCorr Int+7 Dex-3 SH+5}
Stlth   +            i - ring of protection from fire
HPRegen 0.24/turn    (no ring)
MPRegen 0.09/turn

%: reflection
@: no status effects
A: sickness immunity, AC +3, negative energy resistance 1, electricity
resistance, torment resistance 1, petrification resistance
a: no special abilities


You were on level 3 of the Dungeon.
You visited 1 branch of the dungeon, and saw 3 of its levels.

You collected 70 gold pieces.


Innate Abilities, Weirdness & Mutations

You are immune to sickness and miasma.
Your stone body is resilient. (AC +3)
You are immune to poison.
You resist negative energy. (rN+)
You are resistant to electric shocks. (rElec)
You are resistant to unholy torment.
You are immune to petrification.


   Skills:
 - Level 2.1 Fighting
 + Level 4.4 Ranged Weapons
 - Level 1.5 Dodging
 - Level 1.0 Spellcasting
 - Level 2.6 Hexes


You had 4 spell levels left.
You knew the following spells:

 Your Spells              Type           Power      Damage    Failure   Level
a - Slow                  Hex            44%        N/A       8%          1

Your spell library contained the following spells:

 Spells                   Type           Power      Damage    Failure   Level
 Inner Flame              Hex/Fire       6%         N/A       36%         3
 Portal Projectile        Hex/Tloc       12%        N/A       36%         3
 Cause Fear               Hex            5%         N/A       58%         4

Inventory:

Hand Weapons
 Y - a +1 sling (weapon)
Armour
 f - a scarf of resistance (worn)
 h - a +0 leather armour (worn)
Jewellery
 b - the amulet "Ibrebbic" (around neck) {Reflect rPois rCorr Int+7 Dex-3 SH+5}
   (You acquired it on level 2 of the Dungeon)

   [amulet of reflection]

   It reflects blocked missile attacks.
   Int:       It affects your intelligence (+7).
   Dex:       It affects your dexterity (-3).
   rPois:     It protects you from poison.
   rCorr:     It protects you from acid and corrosion.
   SH:        It affects your SH (+5).
 i - a ring of protection from fire (left hand)
Scrolls
 a - a scroll of identify
 c - a scroll of enchant armour {unknown}
 l - a scroll of brand weapon {unknown}
Potions
 d - a potion of might {unknown}
 e - a potion of curing {unknown}
 g - a potion of haste {unknown}
 j - a potion of cancellation {unknown}
 k - a potion of ambrosia {unknown}

Dungeon Overview and Level Annotations

Branches:
Dungeon (3/15)

Altars:
Dithmenos


Message History

You shoot a sling bullet. The sling bullet hits the worm!
The worm is severely wounded.
You block the endoplasm's attack. The worm bites you!
You shoot a sling bullet.
The sling bullet barely misses the worm.
The endoplasm barely misses you.
You shoot a sling bullet. The sling bullet hits the worm.
The worm is almost dead.
The endoplasm barely misses you. The worm misses you.
The endoplasm closely misses you.
You shoot a sling bullet.
The sling bullet barely misses the worm.
The worm bites you but does no damage. The endoplasm barely misses you.
You shoot a sling bullet.
The sling bullet barely misses the worm.
You block the endoplasm's attack. The worm bites you.
You shoot a sling bullet. The sling bullet hits the worm.
The worm is severely wounded.
The endoplasm freezes you.
You are frozen.
You resist.
You shoot a sling bullet.
The sling bullet hits the worm but does no damage.
The worm is severely wounded.
The endoplasm closely misses you. The worm misses you.
You shoot a sling bullet.
The sling bullet barely misses the worm.
The endoplasm hits you but does no damage.
The worm closely misses you.
You shoot a sling bullet.
The sling bullet hits the worm but does no damage.
The worm is severely wounded.
The endoplasm completely misses you. The endoplasm closely misses you.
You shoot a sling bullet. The sling bullet hits the worm.
The worm is severely wounded.
You block the worm's attack. You block the endoplasm's attack.
You shoot a sling bullet.
The sling bullet completely misses the worm.
The endoplasm freezes you.
You are frozen.
You resist. The worm bites you.
You die...

#...#.........##.##
##.##.)............
#.##.........##.##
#.#####...#####.#
#.# #...# #.#
########.# #...#
#.# .........#
##.## #.#
#######..# #:# #.#
#.@# #.# #.##
#.Jw....#.# #...
#.......#. ####
#.##...... # #.#
.##... # #.# .# ..
# #. . . # #. . . .


You could see a worm and an endoplasm.

Vanquished Creatures
  Jessica (D:2)
  3 adders (D:2)
  3 worms (D:2)
  5 ball pythons
  7 bats
  2 endoplasms
  2 giant cockroaches (D:1)
  A hobgoblin (D:1)
  3 kobolds (D:1)
  A quokka (D:3)
  3 frilled lizards
  3 goblins
  6 rats
40 creatures vanquished.

Notes
Turn   | Place    | Note
-------+----------+-------------------------------------------
     0 | D:1      | qw the Gargoyle Hexslinger began the quest for the Orb.
     0 | D:1      | Reached XP level 1. HP: 12/12 MP: 2/2
     0 | D:1      | 0 ||| qw: Version: 0.3-a-52-g30416fa
     0 | D:1      | 0 ||| qw: Game counter: 6614
     0 | D:1      | 0 ||| qw: Melee chars always use a shield: true
     0 | D:1      | 0 ||| qw: God list: Okawaru
     0 | D:1      | 0 ||| qw: Allow faded altars: false
     0 | D:1      | 0 ||| qw: Do Orc after clearing Dungeon:15 true
     0 | D:1      | 0 ||| qw: Do second Lair branch before Depths: true
     0 | D:1      | 0 ||| qw: Lair rune preference: random
     0 | D:1      | 0 ||| qw: Goals: Normal
     0 | D:1      | 0 ||| PLANNING D:1-11
    68 | D:1      | Reached XP level 2. HP: 16/16 MP: 3/3
   334 | D:1      | Reached skill level 3 in Ranged Weapons
   888 | D:1      | 888 ||| UPGRADING to scarf of resistance.
   893 | D:1      | 893 ||| UPGRADING to +0 leather armour.
   903 | D:1      | 903 ||| DROPPING +0 robe.
   904 | D:1      | 904 ||| UPGRADING to ring of protection from fire.
   905 | D:1      | 905 ||| READING scroll labelled MICOREM URHA.
   906 | D:1      | 906 ||| READING scroll labelled JUCLIE JANIE.
   910 | D:1      | 910 ||| DROPPING scroll of poison.
   954 | D:2      | Noticed Jessica
   956 | D:2      | 956 ||| FLEEEEING.
   958 | D:2      | 958 ||| FLEEEEING.
   959 | D:2      | 959 ||| FLEEEEING.
   961 | D:2      | 961 ||| FLEEEEING.
   965 | D:2      | Reached XP level 3. HP: 17/21 MP: 4/4
   965 | D:2      | Killed Jessica
  1141 | D:2      | Reached XP level 4. HP: 26/26 MP: 5/5
  1191 | D:2      | Reached skill level 4 in Ranged Weapons
  1462 | D:2      | Found a shadowy altar of Dithmenos.
  1716 | D:2      | 1716 ||| READING 2 scrolls labelled ANYMUH UQIE.
  1717 | D:2      | 1717 ||| READING scroll labelled GEAMMO AJESM.
  1717 | D:2      | Identified a scroll of acquirement
  1717 | D:2      | 1717 ||| ACQUIRING amulet "Ibrebbic" {Reflect rPois rCorr
                  | Int+7 Dex-3 SH+5}
  1717 | D:2      | Acquired the amulet "Ibrebbic" {Reflect rPois rCorr Int+7
                  | Dex-3 SH+5}
  1719 | D:2      | 1719 ||| UPGRADING to amulet "Ibrebbic" {Reflect rPois
                  | rCorr Int+7 Dex-3 SH+5}.
  1724 | D:2      | 1724 ||| READING scroll labelled PYRATO XOIPU.
  2010 | D:3      | HP: 6/26 [worm (6)]
  2016 | D:3      | HP: 5/26 [frozen (1)]
  2016 | D:3      | Slain by a worm

Levels and vault maps discovered:
D:1:      dpeg_arrival_rhombi, layout_loops_corners,
          chequers_serial_rivers_small_b
D:2:      layout_basic, basic_altar, uniq_jessica
D:3:      layout_loops_ring, trog_three_pillars_becter,
          nicolae_overflow_hidden_temple

Skill      XL: |  1  2  3  4 |
---------------+-------------+-----
Ranged Weapons | 3 4 |  4.4
Fighting       | 2 |  2.1
Dodging        | |  1.5
Spellcasting   | |  1.0
Hexes          | |  2.6

Action                     |  1- 3 |  4- 6 || total
---------------------------+-------+-------++-------
   Fire: Sling             |    64 |    96 ||   160
    Use: Scroll            |     2 |     3 ||     5
 Armour: Robe              |     6 |       ||     6
         Leather armour    |       |    12 ||    12
  Dodge: Dodged            |    13 |    33 ||    46
  Block: Other             |       |     6 ||     6

Table legend:
 A = Non-vault XP
 B = Vault XP
 C = Vault XP percentage of total XP
 D = Non-vault monster count
 E = Vault monster count
 F = Vault count percentage of total count
                 A         B        C        D         E       F
            +---------+---------+-------+---------+---------+-------
      Total |     107 |      37 |  25.7 |      39 |       1 |   2.5
            +---------+---------+-------+---------+---------+-------
        D:1 |      32 |       0 |   0.0 |      21 |       0 |   0.0
        D:2 |      66 |      37 |  35.9 |      13 |       1 |   7.1
        D:3 |       9 |       0 |   0.0 |       5 |       0 |   0.0
            +---------+---------+-------+---------+---------+-------
